 Dungeon Crawl Stone Soup version 0.29-a0-322-g68df515428 (webtiles) character file.

Game seed: 2868664053074569360

5 GigaChad the Skirmisher (level 1, 0/19 HPs)
             Began as a Draconian Chaos Knight on Apr 7, 2022.
             Was a Plaything of Xom.
             Frozen to death by an endoplasm (1 damage)
             ... on level 1 of the Dungeon.
             The game lasted 00:00:34 (140 turns).

GigaChad the Skirmisher (Draconian Chaos Knight)     Turns: 140, Time: 00:00:35

Health: 0/19       AC:  4    Str: 14    XL:     1   Next: 66%
Magic:  1/1        EV: 12    Int: 12    God:    Xom [......]
Gold:   8          SH:  0    Dex: 10    Spells: 0/0 levels left

rFire   . . .      SeeInvis .   a - +0 falchion (chaos)
rCold   . . .      Faith    .   (no shield)
rNeg    . . .      Spirit   .   (body armour unavailable)
rPois   .          Reflect  .   (helmet restricted)
rElec   .          Harm     .   (no cloak)
rCorr   .          Rampage  .   (no gloves)
Will    .....                   (no boots)
Stlth   +.........              (no amulet)
HPRegen 0.06/turn               (no ring)
MPRegen 0.07/turn               (no ring)

@: no status effects
A: AC +4, unfitting armour, cold-blooded
a: Renounce Religion


You were on level 1 of the Dungeon.
You worshipped Xom.
You were a very special plaything of Xom.
You visited 1 branch of the dungeon, and saw 1 of its levels.

You collected 8 gold pieces.

Inventory:

Hand Weapons
 a - a +0 falchion of chaos (weapon)
Potions
 c - a potion of curing {unknown}
Miscellaneous
 b - a piece from Xom's chessboard (15/15) (quivered)


   Skills:
 + Level 3.4 Fighting
 + Level 3.0 Long Blades
 + Level 2.4 Dodging


You couldn't memorise any spells.
You didn't know any spells.
Your spell library was empty.

Dungeon Overview and Level Annotations

Branches:
Dungeon (1/15)

Altars:


Innate Abilities, Weirdness & Mutations

Your plain brown scales are hard. (AC +4)
You cannot fit into any form of body armour.
You are cold-blooded and may be slowed by cold attacks.


Message History

A hobgoblin comes into view.
You see here an amulet of reflection.
You closely miss the rat.
The hobgoblin shouts!
The bat hits you but does no damage.
The kobold hits you with a +0 short sword.
The rat barely misses you.
You barely miss the rat. You punch the rat.
You kill the rat!
The bat hits you but does no damage. The kobold misses you.
You hit the bat. You freeze the bat.
You kill the bat!
A frilled lizard comes into view.
The kobold hits you but does no damage. The kobold closely misses you.
The endoplasm hits you but does no damage.
Things that are here:
a bat corpse; a rat corpse The endoplasm attacks as you move away!
The endoplasm hits you but does no damage. "Let's try an experiment, hmmm?"
The water briefly glows.
The kobold completely misses you.
You are now a very special plaything of Xom.
The kobold hits you with a +0 short sword.
The endoplasm hits you. The hobgoblin hits you.
The kobold hits you with a +0 short sword.
The hobgoblin hits you but does no damage.
You closely miss the hobgoblin.
The frilled lizard hisses angrily.
You tail-slap the hobgoblin.
The hobgoblin is severely wounded.
The kobold hits you but does no damage. The hobgoblin barely misses you.
The endoplasm freezes you.
You are frozen.
* * * LOW HITPOINT WARNING * * *
The kobold hits you with a +0 short sword.
* * * LOW HITPOINT WARNING * * *
The endoplasm freezes you.
You are frozen.
You die...

.. #... ..# ####...### #
....# #.# ####...## ..#..
.. .......##†.#
#....##############...#.##
# ......##...## ###.....
..##..........### #.....
........."......# ##....
.......gK†......####....
##...@J....≈≈..♣.#....
##l#...≈.≈≈♣≈≈.≈..... ..
#..#...≈≈≈≈♣.≈.... #.#
#!##≈.≈≈♣≈≈≈≈≈.... #..
#..##≈.≈.#..≈##.... #.
$...##≈.≈≈.≈≈.≈..### .
##.....##≈.≈≈.≈###
..##..≈..≈≈≈.##
#.≈≈≈.≈.≈##


You could see an endoplasm, a hobgoblin, a kobold and a frilled lizard.

Vanquished Creatures
  A dart slug (D:1)
  2 bats (D:1)
  2 rats (D:1)
5 creatures vanquished.

Notes
Turn   | Place    | Note
-------+----------+-------------------------------------------
     0 | D:1      | GigaChad the Draconian Chaos Knight began the quest for the
                  | Orb.
     0 | D:1      | Reached XP level 1. HP: 19/19 MP: 1/1
   137 | D:1      | XOM: silly message
   140 | D:1      | Frozen to death by an endoplasm

Illustrated notes

Levels and vault maps discovered:
D:1:      lightli_iron_boxes, layout_rooms, grunt_decor_resistance,
          chequers_serial_rivers_marsh, minmay_pentomino_s4

Action                   || total
-------------------------++-------
Melee: Falchion          ||     9
       Tailslap          ||     2
       Punch             ||     1
Armor: Skin              ||    11
Dodge: Dodged            ||    14

Table legend: (Time is in decaauts)
 A = Elapsed time spent in this place.
 B = Non-inter-level travel time spent in this place.
 C = Inter-level travel time spent in this place.
 D = Time resting spent in this place.
 E = Time spent auto-exploring this place.
 F = Levels seen in this place.
 G = Mean time per level.
                   A        B        C        D        E       F      G
               +--------+--------+--------+--------+--------+-----+--------+
         Total |    145 |    145 |      0 |      0 |      9 |   1 |  145.0 |
       Dungeon |    145 |    145 |      0 |      0 |      9 |   1 |  145.0 |
               +--------+--------+--------+--------+--------+-----+--------+

Top non-repeatable levels by time:
     D:1: 145 daAuts
